Thunder vs Sewer Rats
Created - February 10, 2020 at 00:47
Goals
|
| Thunder |
1 |
3 |
2 |
6 |
| Sewer Rats |
1 |
0 |
0 |
1 |
|
Shots
|
| Thunder |
12 |
14 |
16 |
42 |
| Sewer Rats |
10 |
14 |
14 |
38 |
|
1st period
1. Thunder , William Karlsson 16 (Eric Fehr 39, David Wolf 17) at 8:00 (PP)
2. Sewer Rats , Martin Frk 19 (Jared McCann 7) at 10:59
Penalties :
Mark Mancari (Tol) for Hooking (Minor) at 6:24, Olli Maatta (TRO) for Hooking (Minor) at 15:01, Connor Carrick (Tol) for Slashing (Minor) at 17:37, Jarred Tinordi (Tol) for Roughing (Minor) at 18:19
2nd period
3. Thunder , William Karlsson 17 (Eric Fehr 40, Nikolay Prokhorkin 5) at 4:01
4. Thunder , Zach Stepan 14 (Peter Andersson 13, Nikolay Prokhorkin 6) at 14:49
5. Thunder , William Karlsson 18 (Derek Forbort 6) at 15:02
Penalties :
Steven Kampfer (Tol) for Hooking (Minor) at 8:59
3rd period
6. Thunder , Austin Poganski 4 (Joey Ryan 16) at 17:50
7. Thunder , Trevor Lewis 17 (Jamie McGinn 15, Austin Wuthrich 8) at 18:53
Penalties :
Nick Cousins (Tol) for Holding (Minor) at 0:49, Michael Schumacher (TRO) for Hooking (Minor) at 3:42, Joel Edmundson (Tol) for Hooking (Minor) at 7:38, Jamie McGinn (TRO) for Slashing (Minor) at 12:55, Tomas Tatar (Tol) for Roughing (Minor) at 15:45
Goalie Stats
Niklas Treutle (TRO), 37 saves from 38 shots - (0.974), W, 12-16-4, 60:00 minutes
Marek Mazanek (Tol), 36 saves from 42 shots - (0.857), L, 24-6-2, 60:00 minutes
Players Stats for Thunder
Player Name G A P +/- PIM S H SB GA TA FO MP PP MP PK MP
------------------------------------------------------------------------------------
Artur Gavrus 0 0 0 0 0 0 1 0 0 0 0/0 1:24 0:00 1:24
Austin Poganski 1 0 1 2 0 2 2 0 0 0 0/0 10:20 0:07 0:00
Austin Wuthrich 0 1 1 1 0 2 2 0 0 0 1/2 18:49 4:43 0:00
Colby Cave 0 0 0 1 0 0 0 0 0 0 0/0 0:13 0:07 0:00
David Wolf 0 1 1 2 0 1 0 0 0 0 0/0 20:54 7:17 2:18
Derek Forbort 0 1 1 2 0 1 1 0 0 0 0/0 18:43 5:03 2:05
Emil Johansson 0 0 0 0 0 0 0 0 0 0 0/0 4:29 0:00 0:39
Eric Fehr 0 2 2 1 0 3 1 0 3 1 2/4 26:38 6:57 3:10
Gianluca Curcuruto 0 0 0 1 0 0 1 0 0 0 0/0 9:33 0:00 0:00
Jamie McGinn 0 1 1 1 2 6 2 0 1 0 1/1 19:06 4:49 0:00
Jarrod Maidens 0 0 0 0 0 0 0 0 0 0 0/0 0:00 0:00 0:00
Jesper Pettersson 0 0 0 1 0 1 0 1 1 0 0/0 10:21 0:00 0:48
Joey Ryan 0 1 1 1 0 2 2 0 0 1 0/0 27:57 7:10 3:42
Jordan Weal 0 0 0 -1 0 0 0 0 0 1 0/0 6:40 0:00 0:42
Mackenze Stewart 0 0 0 0 0 0 0 0 0 0 0/0 3:37 0:00 0:00
Michael Schumacher 0 0 0 -1 2 0 0 0 0 0 0/0 5:57 0:00 0:00
Nikolay Prokhorkin 0 2 2 1 0 2 0 1 0 0 0/1 10:35 0:00 0:28
Olli Maatta 0 0 0 1 2 1 1 0 2 0 0/0 26:29 7:10 2:25
Peter Andersson 0 1 1 2 0 2 2 0 0 1 0/0 18:53 5:03 2:15
Trevor Lewis 1 0 1 1 0 7 0 0 1 0 10/21 19:36 4:49 0:41
Vincent Dunn 0 0 0 1 0 0 0 0 0 0 0/0 1:38 0:33 0:00
William Karlsson 3 0 3 2 0 9 3 0 2 0 18/34 22:01 7:17 3:11
Zach Stepan 1 0 1 1 0 3 1 0 0 0 1/5 10:07 0:00 0:00
Players Stats for Sewer Rats
Player Name G A P +/- PIM S H SB GA TA FO MP PP MP PK MP
------------------------------------------------------------------------------------
Anthony Duclair 0 0 0 1 0 1 0 0 0 1 3/3 13:52 0:00 3:23
Connor Carrick 0 0 0 0 2 0 0 1 0 0 0/0 11:21 0:00 1:58
Dmitrij Jaskin 0 0 0 -2 0 1 0 0 1 0 0/0 4:19 0:00 0:00
Erik Condra 0 0 0 0 0 4 1 0 1 1 1/2 17:38 2:41 2:37
Jared McCann 0 1 1 1 0 0 1 0 0 0 7/7 10:15 0:00 0:00
Jarred Tinordi 0 0 0 -2 2 1 0 1 1 1 0/0 25:56 3:41 6:46
Joel Edmundson 0 0 0 -1 2 0 3 2 0 1 0/0 19:25 2:16 3:28
John Ramage 0 0 0 0 0 0 1 0 0 0 0/0 8:47 0:00 0:00
Jonathan Marchessault 0 0 0 -2 0 4 2 0 0 1 9/23 21:14 3:16 2:47
Jonathan Racine 0 0 0 -1 0 0 0 0 0 0 0/0 3:19 0:00 0:00
Joseph Blandisi 0 0 0 -1 0 1 2 0 0 0 0/0 17:16 2:41 2:10
Mark Mancari 0 0 0 -4 2 6 0 2 1 2 3/7 26:19 3:16 5:16
Martin Frk 1 0 1 1 0 5 3 0 0 0 0/0 10:37 0:00 0:00
Nick Cousins 0 0 0 -1 2 4 2 1 0 0 9/21 16:46 2:41 1:40
Stefan Elliott 0 0 0 -2 0 4 0 3 0 2 0/0 27:51 3:41 8:06
Steven Kampfer 0 0 0 -1 2 1 0 2 0 0 0/0 18:22 2:16 2:38
Tomas Tatar 0 0 0 -3 2 6 0 0 0 1 1/2 24:09 3:16 5:16
Tyler Motte 0 0 0 -2 0 0 0 1 0 0 2/3 3:57 0:00 0:00
Xavier Ouellet 0 0 0 -1 0 0 0 0 0 0 0/0 5:00 0:00 1:29
3 Stars
1 - William Karlsson (TRO)
2 - Niklas Treutle (TRO)
3 - Austin Poganski (TRO)
Power Play
Thunder - 1 on 7 Attempt(s) - 14.29%
Sewer Rats - 0 on 3 Attempt(s) - 0.00%
Penalty Kill
Thunder - 3 on 3 Attempt(s) - 100.00%
- Score 0 goal in Penalty Kill
Sewer Rats - 6 on 7 Attempt(s) - 85.71%
- Score 0 goal in Penalty Kill
Team Stat
Thunder - Hits : 19 - Faceoff Wins : 33 - Blocked Shots : 2 - Penalty Minutes : 6
Sewer Rats - Hits : 15 - Faceoff Wins : 35 - Blocked Shots : 13 - Penalty Minutes : 14
Official
Referees : Unknown
Linesman : Unknown
Game Notes
William Karlsson has scored a Hat Trick!
Finance
Level 1 -- Attendance: 1595 (79.75%) -- Ticket Income $55,825
Level 2 -- Attendance: 906 (90.60%) -- Ticket Income $15,402
Total Attendance: 2501 (83.37%)
Total Ticket Income: $71,227
Other Income: $3,561
Total Income: $74,788
Thunder
5 vs 5 Forward
Center Left Wing Right Wing Time % Phy DF OF
1 William Karlsson David Wolf Eric Fehr 40 1 2 2
2 Trevor Lewis Jamie McGinn Austin Wuthrich 30 1 2 2
3 Zach Stepan Nikolay Prokhorkin Austin Poganski 20 1 2 2
4 Jordan Weal Michael Schumacher Eric Fehr 10 1 2 2
5 vs 5 Defense
Defense Defense Time % Phy DF OF
1 Olli Maatta Joey Ryan 40 1 2 2
2 Peter Andersson Derek Forbort 30 1 2 2
3 Gianluca Curcuruto Jesper Pettersson 20 1 2 2
4 Emil Johansson Mackenze Stewart 10 1 2 2
PowerPlay Forward
Center Left Wing Right Wing Time % Phy DF OF
1 William Karlsson David Wolf Eric Fehr 60 1 2 2
2 Trevor Lewis Jamie McGinn Austin Wuthrich 40 1 2 2
PowerPlay Defense
Defense Defense Time % Phy DF OF
1 Olli Maatta Joey Ryan 60 1 2 2
2 Peter Andersson Derek Forbort 40 1 2 2
Penalty Kill 4 Players Forward
Center Wing Time % Phy DF OF
1 Eric Fehr William Karlsson 60 1 2 2
2 David Wolf Trevor Lewis 40 1 2 2
Penalty Kill 4 Players Defense
Defense Defense Time % Phy DF OF
1 Olli Maatta Joey Ryan 60 1 2 2
2 Peter Andersson Derek Forbort 40 1 2 2
Penalty Kill - 3 Players Forward
Forward Time % Phy DF OF
1 Eric Fehr 60 1 2 2
2 William Karlsson 40 1 2 2
Penalty Kill - 3 Players Defense
Defense Defense Time % Phy DF OF
1 Olli Maatta Joey Ryan 60 1 2 2
2 Peter Andersson Derek Forbort 40 1 2 2
4 vs 4 Forward
Center Wing Time % Phy DF OF
1 Eric Fehr William Karlsson 60 1 2 2
2 David Wolf Trevor Lewis 40 1 2 2
4 vs 4 Defense
Defense Defense Time % Phy DF OF
1 Olli Maatta Joey Ryan 60 1 2 2
2 Peter Andersson Derek Forbort 40 1 2 2
Last Minutes Offensive
Center Left Wing Right Wing Defense Defense
William Karlsson David Wolf Eric Fehr Olli Maatta Joey Ryan
Last Minutes Defensive
Center Left Wing Right Wing Defense Defense
William Karlsson David Wolf Eric Fehr Olli Maatta Joey Ryan
Goaltenders
Starting : Niklas Treutle
Backup : Jussi Rynnas
Extra Forwards
Normal : Vincent Dunn, Colby Cave, Artur Gavrus - PP : Vincent Dunn, Colby Cave - PK : Artur Gavrus
Extra Defensemen
Normal : Gianluca Curcuruto, Jesper Pettersson, Emil Johansson - PP : Gianluca Curcuruto - PK : Jesper Pettersson, Emil Johansson
Penalty Shots
Eric Fehr, William Karlsson, David Wolf, Trevor Lewis, Jamie McGinn
Scratches
Dany Roussin (Healthy), Mikko Vainonen (Healthy), Mason McDonald (Healthy)
Sewer Rats
5 vs 5 Forward
Center Left Wing Right Wing Time % Phy DF OF
1 Jonathan Marchessault Tomas Tatar Mark Mancari 40 1 2 2
2 Nick Cousins Joseph Blandisi Erik Condra 30 1 2 2
3 Jared McCann Anthony Duclair Martin Frk 20 1 2 2
4 Tyler Motte Mark Mancari Dmitrij Jaskin 10 1 2 2
5 vs 5 Defense
Defense Defense Time % Phy DF OF
1 Jarred Tinordi Stefan Elliott 40 1 2 2
2 Steven Kampfer Joel Edmundson 30 1 2 2
3 John Ramage Connor Carrick 20 1 2 2
4 Xavier Ouellet Jonathan Racine 10 1 2 2
PowerPlay Forward
Center Left Wing Right Wing Time % Phy DF OF
1 Jonathan Marchessault Tomas Tatar Mark Mancari 60 1 2 2
2 Nick Cousins Joseph Blandisi Erik Condra 40 1 2 2
PowerPlay Defense
Defense Defense Time % Phy DF OF
1 Jarred Tinordi Stefan Elliott 60 1 2 2
2 Steven Kampfer Joel Edmundson 40 1 2 2
Penalty Kill 4 Players Forward
Center Wing Time % Phy DF OF
1 Mark Mancari Tomas Tatar 60 1 2 2
2 Erik Condra Jonathan Marchessault 40 1 2 2
Penalty Kill 4 Players Defense
Defense Defense Time % Phy DF OF
1 Jarred Tinordi Stefan Elliott 60 1 2 2
2 Steven Kampfer Joel Edmundson 40 1 2 2
Penalty Kill - 3 Players Forward
Forward Time % Phy DF OF
1 Mark Mancari 60 1 2 2
2 Tomas Tatar 40 1 2 2
Penalty Kill - 3 Players Defense
Defense Defense Time % Phy DF OF
1 Jarred Tinordi Stefan Elliott 60 1 2 2
2 Steven Kampfer Joel Edmundson 40 1 2 2
4 vs 4 Forward
Center Wing Time % Phy DF OF
1 Mark Mancari Tomas Tatar 60 1 2 2
2 Erik Condra Jonathan Marchessault 40 1 2 2
4 vs 4 Defense
Defense Defense Time % Phy DF OF
1 Jarred Tinordi Stefan Elliott 60 1 2 2
2 Steven Kampfer Joel Edmundson 40 1 2 2
Last Minutes Offensive
Center Left Wing Right Wing Defense Defense
Jonathan Marchessault Tomas Tatar Mark Mancari Jarred Tinordi Stefan Elliott
Last Minutes Defensive
Center Left Wing Right Wing Defense Defense
Jonathan Marchessault Tomas Tatar Mark Mancari Jarred Tinordi Stefan Elliott
Goaltenders
Starting : Marek Mazanek
Backup : Darcy Kuemper
Extra Forwards
Normal : Martin Frk, Dmitrij Jaskin, Anthony Duclair - PP : Martin Frk, Dmitrij Jaskin - PK : Anthony Duclair
Extra Defensemen
Normal : John Ramage, Connor Carrick, Xavier Ouellet - PP : John Ramage - PK : Connor Carrick, Xavier Ouellet
Penalty Shots
Mark Mancari, Tomas Tatar, Erik Condra, Jonathan Marchessault, Martin Frk
Scratches
Vincent Trocheck (Healthy), Daniel Carr (Sprained Left Knee Injury), Dominik Kubalik (Healthy), Ryan Murphy (Healthy), Josh Archibald (Healthy)
Chris Calhan (Healthy), Mark Friedman (Healthy), Michael Dal Colle (Healthy), Matteson Iacopelli (Healthy), Sergei Kostenko (Healthy)
Antoine Bibeau (Healthy)
% Time on Ice - Thunder
Lines # - Real PCT - Wanted PCT - Time Play
Normal Forward
1 - 28% - 40% - 11:40
2 - 34% - 30% - 14:06
3 - 24% - 20% - 10:07
4 - 14% - 10% - 5:57
Normal Defense
1 - 41% - 40% - 17:05
2 - 28% - 30% - 11:35
3 - 23% - 20% - 9:33
4 - 9% - 10% - 3:37
PP Forward
1 - 61% - 60% - 7:24
2 - 39% - 40% - 4:49
PP Defense
1 - 59% - 60% - 7:10
2 - 41% - 40% - 5:03
PK Forward
1 - 89% - 60% - 5:16
2 - 11% - 40% - 0:41
PK Defense
1 - 65% - 60% - 3:52
2 - 35% - 40% - 2:05
PK3 Forward
1 - 0% - 60%
2 - 0% - 40%
PK3 Defense
1 - 0% - 60%
2 - 0% - 40%
44 Forward
1 - 0% - 60%
2 - 0% - 40%
44 Defense
1 - 0% - 60%
2 - 0% - 40%
Last Minute Offensive - 0:00
Last Minute Defensive - 0:00
Total
Forward - 60:00
Defense - 60:00
|
% Time on Ice - Sewer Rats
Lines # - Real PCT - Wanted PCT - Time Play
Normal Forward
1 - 37% - 40% - 15:18
2 - 29% - 30% - 12:20
3 - 25% - 20% - 10:15
4 - 9% - 10% - 3:57
Normal Defense
1 - 38% - 40% - 16:04
2 - 33% - 30% - 13:40
3 - 21% - 20% - 8:47
4 - 8% - 10% - 3:19
PP Forward
1 - 55% - 60% - 3:16
2 - 45% - 40% - 2:41
PP Defense
1 - 62% - 60% - 3:41
2 - 38% - 40% - 2:16
PK Forward
1 - 76% - 60% - 8:19
2 - 24% - 40% - 2:37
PK Defense
1 - 70% - 60% - 7:36
2 - 30% - 40% - 3:20
PK3 Forward
1 - 71% - 60% - 0:55
2 - 29% - 40% - 0:22
PK3 Defense
1 - 57% - 60% - 0:44
2 - 43% - 40% - 0:33
44 Forward
1 - 0% - 60%
2 - 0% - 40%
44 Defense
1 - 0% - 60%
2 - 0% - 40%
Last Minute Offensive - 0:00
Last Minute Defensive - 0:00
Total
Forward - 60:00
Defense - 60:00
|
Play-by-Play
1st period
0:01 of 1st period - William Karlsson wins face-off versus Jonathan Marchessault in neutral zone.
0:09 of 1st period - Wrist shot by Jonathan Marchessault.
0:09 of 1st period - Stopped by Niklas Treutle with a rebound.
0:25 of 1st period - Trevor Lewis is hit by Joseph Blandisi and loses puck.
0:54 of 1st period - Slapshot by Stefan Elliott.
0:54 of 1st period - Shot Misses the Net.
2:08 of 1st period - Snap shot by Erik Condra.
2:08 of 1st period - Stopped by Niklas Treutle with a rebound.
3:30 of 1st period - Snap shot by William Karlsson.
3:30 of 1st period - Stopped by Marek Mazanek without a rebound.
3:31 of 1st period - Nick Cousins wins face-off versus William Karlsson in Sewer Rats zone.
3:37 of 1st period - Off-side.
3:38 of 1st period - Jamie McGinn wins face-off versus Nick Cousins in neutral zone.
3:41 of 1st period - Slapshot by Trevor Lewis.
3:41 of 1st period - Shot Misses the Net.
3:43 of 1st period - Snap shot by Jamie McGinn.
3:43 of 1st period - Shot Blocked by Steven Kampfer.
3:51 of 1st period - Snap shot by Jamie McGinn.
3:51 of 1st period - Stopped by Marek Mazanek with a rebound.
3:53 of 1st period - Wrist shot by Austin Wuthrich.
3:53 of 1st period - Stopped by Marek Mazanek without a rebound.
3:54 of 1st period - Jonathan Marchessault wins face-off versus William Karlsson in Sewer Rats zone.
3:59 of 1st period - Wrist shot by Jonathan Marchessault.
3:59 of 1st period - Shot Misses the Net.
4:19 of 1st period - Jamie McGinn is hit by Jared McCann and loses puck.
4:40 of 1st period - Erik Condra is hit by Gianluca Curcuruto and loses puck.
5:35 of 1st period - Off-side.
5:36 of 1st period - Jonathan Marchessault wins face-off versus Trevor Lewis in neutral zone.
5:49 of 1st period - Snap shot by Trevor Lewis.
5:49 of 1st period - Stopped by Marek Mazanek without a rebound.
5:50 of 1st period - William Karlsson wins face-off versus Nick Cousins in Sewer Rats zone.
6:05 of 1st period - Wrist shot by Erik Condra.
6:05 of 1st period - Stopped by Niklas Treutle with a rebound.
6:15 of 1st period - Stefan Elliott is hit by Joey Ryan.
6:21 of 1st period - Snap shot by Jamie McGinn.
6:21 of 1st period - Deflect By Trevor Lewis.
6:21 of 1st period - Shot Misses the Net.
6:21 of 1st period - Puck is out of play.
6:22 of 1st period - Jonathan Marchessault wins face-off versus Trevor Lewis in Sewer Rats zone.
6:24 of 1st period - Minor Penalty to Mark Mancari for Hooking.
6:25 of 1st period - Anthony Duclair wins face-off versus William Karlsson in Sewer Rats zone.
6:40 of 1st period - Icing by William Karlsson.
6:41 of 1st period - Anthony Duclair wins face-off versus William Karlsson in Thunder zone.
7:09 of 1st period - Snap shot by Eric Fehr.
7:09 of 1st period - Shot Blocked by Stefan Elliott.
7:11 of 1st period - Slapshot by Joey Ryan.
7:11 of 1st period - Shot Misses the Net.
7:13 of 1st period - Slapshot by Eric Fehr.
7:13 of 1st period - Shot Blocked by Stefan Elliott.
7:15 of 1st period - Slapshot by Joey Ryan.
7:15 of 1st period - Shot Misses the Net.
8:00 of 1st period - Slapshot by William Karlsson.
8:00 of 1st period - Goal by William Karlsson - Thunder : 1 - Sewer Rats : 0.
8:01 of 1st period - Austin Wuthrich wins face-off versus Nick Cousins in neutral zone.
8:04 of 1st period - Slapshot by Jamie McGinn.
8:04 of 1st period - Stopped by Marek Mazanek with a rebound.
8:14 of 1st period - Slapshot by Steven Kampfer.
8:14 of 1st period - Deflect By Jamie McGinn.
8:14 of 1st period - Stopped by Niklas Treutle with a rebound.
8:16 of 1st period - Slapshot by Steven Kampfer.
8:16 of 1st period - Shot Misses the Net.
8:26 of 1st period - Trevor Lewis is hit by Jonathan Marchessault and loses puck.
9:04 of 1st period - Wrist shot by Jamie McGinn.
9:04 of 1st period - Stopped by Marek Mazanek with a rebound.
9:06 of 1st period - Snap shot by Austin Wuthrich.
9:06 of 1st period - Deflect By Jamie McGinn.
9:06 of 1st period - Stopped by Marek Mazanek with a rebound.
9:08 of 1st period - Snap shot by Jamie McGinn.
9:08 of 1st period - Shot Misses the Net.
9:30 of 1st period - Snap shot by Trevor Lewis.
9:30 of 1st period - Stopped by Marek Mazanek without a rebound.
9:31 of 1st period - Nick Cousins wins face-off versus William Karlsson in Sewer Rats zone.
9:31 of 1st period - Nick Cousins is hit by William Karlsson.
10:57 of 1st period - Icing by Michael Schumacher.
10:58 of 1st period - Jared McCann wins face-off versus Eric Fehr in Thunder zone.
10:59 of 1st period - Wrist shot by Martin Frk.
10:59 of 1st period - Goal by Martin Frk - Thunder : 1 - Sewer Rats : 1.
11:00 of 1st period - William Karlsson wins face-off versus Jonathan Marchessault in neutral zone.
11:13 of 1st period - Wrist shot by Mark Mancari.
11:13 of 1st period - Stopped by Niklas Treutle with a rebound.
11:15 of 1st period - Wrist shot by Tomas Tatar.
11:15 of 1st period - Stopped by Niklas Treutle with a rebound.
12:18 of 1st period - Snap shot by Eric Fehr.
12:18 of 1st period - Shot Blocked by Connor Carrick.
13:31 of 1st period - Icing by David Wolf.
13:32 of 1st period - Tyler Motte wins face-off versus Zach Stepan in Thunder zone.
13:39 of 1st period - Wrist shot by Dmitrij Jaskin.
13:39 of 1st period - Shot Misses the Net.
13:41 of 1st period - Slapshot by Jarred Tinordi.
13:41 of 1st period - Stopped by Niklas Treutle with a rebound.
13:51 of 1st period - Slapshot by Joey Ryan.
13:51 of 1st period - Shot Misses the Net.
13:53 of 1st period - Slapshot by Joey Ryan.
13:53 of 1st period - Stopped by Marek Mazanek without a rebound.
13:54 of 1st period - Nick Cousins wins face-off versus Trevor Lewis in Sewer Rats zone.
14:25 of 1st period - Wrist shot by Joseph Blandisi.
14:25 of 1st period - Stopped by Niklas Treutle without a rebound.
14:26 of 1st period - William Karlsson wins face-off versus Jonathan Marchessault in Thunder zone.
14:39 of 1st period - Snap shot by William Karlsson.
14:39 of 1st period - Stopped by Marek Mazanek without a rebound.
14:40 of 1st period - William Karlsson wins face-off versus Jonathan Marchessault in Sewer Rats zone.
15:01 of 1st period - Minor Penalty to Olli Maatta for Hooking.
15:02 of 1st period - William Karlsson wins face-off versus Jonathan Marchessault in Thunder zone.
15:07 of 1st period - Slapshot by Tomas Tatar.
15:07 of 1st period - Shot Misses the Net.
16:50 of 1st period - Joey Ryan is hit by Jonathan Marchessault and loses puck.
17:01 of 1st period - Penalty to Olli Maatta is over, Olli Maatta is back on ice.
17:19 of 1st period - Slapshot by Jesper Pettersson.
17:19 of 1st period - Stopped by Marek Mazanek without a rebound.
17:20 of 1st period - Jared McCann wins face-off versus Trevor Lewis in Sewer Rats zone.
17:20 of 1st period - Jared McCann is hit by Jamie McGinn.
17:26 of 1st period - Snap shot by Anthony Duclair.
17:26 of 1st period - Stopped by Niklas Treutle without a rebound.
17:27 of 1st period - Jared McCann wins face-off versus Trevor Lewis in Thunder zone.
17:30 of 1st period - Wrist shot by Anthony Duclair.
17:30 of 1st period - Shot Misses the Net.
17:37 of 1st period - Minor Penalty to Connor Carrick for Slashing.
17:38 of 1st period - Mark Mancari wins face-off versus William Karlsson in Sewer Rats zone.
17:38 of 1st period - Mark Mancari is hit by Joey Ryan.
17:43 of 1st period - Slapshot by Mark Mancari.
17:43 of 1st period - Shot Misses the Net.
18:19 of 1st period - Minor Penalty to Jarred Tinordi for Roughing.
18:20 of 1st period - Mark Mancari wins face-off versus William Karlsson in Sewer Rats zone.
19:37 of 1st period - Penalty to Connor Carrick is over, Connor Carrick is back on ice.
19:42 of 1st period - Joey Ryan is hit by Erik Condra and loses puck.
Goals for this period are 1 for Thunder vs 1 for Sewer Rats.
Shots for this period are 12 for Thunder vs 10 for Sewer Rats.
2nd period
0:01 of 2nd period - William Karlsson wins face-off versus Mark Mancari in neutral zone.
0:19 of 2nd period - Penalty to Jarred Tinordi is over, Jarred Tinordi is back on ice.
0:31 of 2nd period - Slapshot by Peter Andersson.
0:31 of 2nd period - Shot Misses the Net.
0:55 of 2nd period - Slapshot by Stefan Elliott.
0:55 of 2nd period - Stopped by Niklas Treutle without a rebound.
0:56 of 2nd period - William Karlsson wins face-off versus Jonathan Marchessault in Thunder zone.
1:07 of 2nd period - Slapshot by Tomas Tatar.
1:07 of 2nd period - Stopped by Niklas Treutle with a rebound.
1:09 of 2nd period - Wrist shot by Tomas Tatar.
1:09 of 2nd period - Stopped by Niklas Treutle with a rebound.
1:11 of 2nd period - Snap shot by Tomas Tatar.
1:11 of 2nd period - Stopped by Niklas Treutle without a rebound.
1:12 of 2nd period - William Karlsson wins face-off versus Nick Cousins in Thunder zone.
1:12 of 2nd period - William Karlsson is hit by Joseph Blandisi.
1:26 of 2nd period - Snap shot by William Karlsson.
1:26 of 2nd period - Stopped by Marek Mazanek without a rebound.
1:27 of 2nd period - Trevor Lewis wins face-off versus Jonathan Marchessault in Sewer Rats zone.
1:28 of 2nd period - Snap shot by Jamie McGinn.
1:28 of 2nd period - Shot Blocked by Mark Mancari.
1:42 of 2nd period - Wrist shot by Tomas Tatar.
1:42 of 2nd period - Stopped by Niklas Treutle with a rebound.
2:42 of 2nd period - Wrist shot by Mark Mancari.
2:42 of 2nd period - Shot Misses the Net.
3:11 of 2nd period - Peter Andersson is hit by Martin Frk and loses puck.
3:20 of 2nd period - Snap shot by Trevor Lewis.
3:20 of 2nd period - Shot Misses the Net.
3:36 of 2nd period - Austin Poganski is hit by John Ramage and loses puck.
4:01 of 2nd period - Slapshot by Eric Fehr.
4:01 of 2nd period - Deflect By William Karlsson.
4:01 of 2nd period - Goal by William Karlsson - Thunder : 2 - Sewer Rats : 1.
4:02 of 2nd period - William Karlsson wins face-off versus Tomas Tatar in neutral zone.
4:13 of 2nd period - Snap shot by William Karlsson.
4:13 of 2nd period - Stopped by Marek Mazanek without a rebound.
4:14 of 2nd period - William Karlsson wins face-off versus Jonathan Marchessault in Sewer Rats zone.
4:56 of 2nd period - Slapshot by William Karlsson.
4:56 of 2nd period - Shot Misses the Net.
4:58 of 2nd period - Wrist shot by Eric Fehr.
4:58 of 2nd period - Deflect By David Wolf.
4:58 of 2nd period - Shot Misses the Net.
4:58 of 2nd period - Puck is out of play.
4:59 of 2nd period - Trevor Lewis wins face-off versus Jonathan Marchessault in Sewer Rats zone.
5:25 of 2nd period - Jonathan Marchessault is hit by Zach Stepan and loses puck.
6:04 of 2nd period - Snap shot by Mark Mancari.
6:04 of 2nd period - Stopped by Niklas Treutle with a rebound.
6:20 of 2nd period - Wrist shot by Mark Mancari.
6:20 of 2nd period - Shot Misses the Net.
7:14 of 2nd period - Slapshot by Jordan Weal.
7:14 of 2nd period - Shot Blocked by Stefan Elliott.
7:16 of 2nd period - Snap shot by Eric Fehr.
7:16 of 2nd period - Shot Misses the Net.
7:18 of 2nd period - Slapshot by Gianluca Curcuruto.
7:18 of 2nd period - Deflect By Eric Fehr.
7:18 of 2nd period - Stopped by Marek Mazanek with a rebound.
7:40 of 2nd period - Slapshot by Eric Fehr.
7:40 of 2nd period - Shot Misses the Net.
7:42 of 2nd period - Snap shot by Eric Fehr.
7:42 of 2nd period - Stopped by Marek Mazanek with a rebound.
7:44 of 2nd period - Slapshot by Gianluca Curcuruto.
7:44 of 2nd period - Deflect By Eric Fehr.
7:44 of 2nd period - Shot Misses the Net.
7:44 of 2nd period - Puck is out of play.
7:45 of 2nd period - Nick Cousins wins face-off versus Austin Wuthrich in Sewer Rats zone.
7:50 of 2nd period - Snap shot by Trevor Lewis.
7:50 of 2nd period - Stopped by Marek Mazanek without a rebound.
7:51 of 2nd period - Trevor Lewis wins face-off versus Nick Cousins in Sewer Rats zone.
7:52 of 2nd period - Slapshot by Jamie McGinn.
7:52 of 2nd period - Stopped by Marek Mazanek without a rebound.
7:53 of 2nd period - Trevor Lewis wins face-off versus Nick Cousins in Sewer Rats zone.
8:04 of 2nd period - Snap shot by Jamie McGinn.
8:04 of 2nd period - Stopped by Marek Mazanek without a rebound.
8:05 of 2nd period - Trevor Lewis wins face-off versus Nick Cousins in Sewer Rats zone.
8:06 of 2nd period - Snap shot by Jamie McGinn.
8:06 of 2nd period - Deflect By Austin Wuthrich.
8:06 of 2nd period - Stopped by Marek Mazanek with a rebound.
8:44 of 2nd period - Nikolay Prokhorkin is hit by Martin Frk and loses puck.
8:59 of 2nd period - Minor Penalty to Steven Kampfer for Hooking.
9:00 of 2nd period - Anthony Duclair wins face-off versus Trevor Lewis in Sewer Rats zone.
9:34 of 2nd period - Stefan Elliott is hit by Derek Forbort and loses puck.
9:49 of 2nd period - Snap shot by Joey Ryan.
9:49 of 2nd period - Shot Blocked by Nick Cousins.
10:59 of 2nd period - Penalty to Steven Kampfer is over, Steven Kampfer is back on ice.
11:20 of 2nd period - Derek Forbort is hit by Nick Cousins.
11:47 of 2nd period - Snap shot by Dmitrij Jaskin.
11:47 of 2nd period - Shot Blocked by Jesper Pettersson.
11:53 of 2nd period - Snap shot by Martin Frk.
11:53 of 2nd period - Stopped by Niklas Treutle with a rebound.
13:11 of 2nd period - Erik Condra is hit by Peter Andersson and loses puck.
14:39 of 2nd period - Icing by Stefan Elliott.
14:40 of 2nd period - Zach Stepan wins face-off versus Tyler Motte in Sewer Rats zone.
14:43 of 2nd period - Backhand shot by Peter Andersson.
14:43 of 2nd period - Shot Blocked by Tyler Motte.
14:45 of 2nd period - Slapshot by Peter Andersson.
14:45 of 2nd period - Shot Misses the Net.
14:47 of 2nd period - Slapshot by Peter Andersson.
14:47 of 2nd period - Stopped by Marek Mazanek with a rebound.
14:49 of 2nd period - Wrist shot by Zach Stepan.
14:49 of 2nd period - Goal by Zach Stepan - Thunder : 3 - Sewer Rats : 1.
14:50 of 2nd period - William Karlsson wins face-off versus Jonathan Marchessault in neutral zone.
15:02 of 2nd period - Snap shot by William Karlsson.
15:02 of 2nd period - Goal by William Karlsson - Thunder : 4 - Sewer Rats : 1.
15:03 of 2nd period - William Karlsson wins face-off versus Jonathan Marchessault in neutral zone.
15:06 of 2nd period - Slapshot by Olli Maatta.
15:06 of 2nd period - Shot Misses the Net.
15:08 of 2nd period - Snap shot by William Karlsson.
15:08 of 2nd period - Shot Blocked by Joel Edmundson.
15:10 of 2nd period - Slapshot by David Wolf.
15:10 of 2nd period - Stopped by Marek Mazanek without a rebound.
15:11 of 2nd period - Jonathan Marchessault wins face-off versus William Karlsson in Sewer Rats zone.
15:25 of 2nd period - Snap shot by William Karlsson.
15:25 of 2nd period - Shot Misses the Net.
15:27 of 2nd period - Slapshot by Joey Ryan.
15:27 of 2nd period - Stopped by Marek Mazanek without a rebound.
15:28 of 2nd period - Trevor Lewis wins face-off versus Nick Cousins in Sewer Rats zone.
16:19 of 2nd period - Wrist shot by Jared McCann.
16:19 of 2nd period - Shot Blocked by Nikolay Prokhorkin.
16:21 of 2nd period - Wrist shot by Martin Frk.
16:21 of 2nd period - Stopped by Niklas Treutle without a rebound.
16:22 of 2nd period - Nick Cousins wins face-off versus William Karlsson in Thunder zone.
16:27 of 2nd period - Wrist shot by Nick Cousins.
16:27 of 2nd period - Stopped by Niklas Treutle with a rebound.
16:50 of 2nd period - Wrist shot by Mark Mancari.
16:50 of 2nd period - Stopped by Niklas Treutle without a rebound.
16:51 of 2nd period - Jonathan Marchessault wins face-off versus Trevor Lewis in Thunder zone.
16:52 of 2nd period - Slapshot by Mark Mancari.
16:52 of 2nd period - Shot Misses the Net.
17:43 of 2nd period - Icing by Peter Andersson.
17:44 of 2nd period - Nick Cousins wins face-off versus Trevor Lewis in Thunder zone.
17:47 of 2nd period - Slapshot by Nick Cousins.
17:47 of 2nd period - Stopped by Niklas Treutle with a rebound.
18:32 of 2nd period - Wrist shot by Nick Cousins.
18:32 of 2nd period - Stopped by Niklas Treutle without a rebound.
18:33 of 2nd period - Jared McCann wins face-off versus William Karlsson in Thunder zone.
19:07 of 2nd period - Wrist shot by Jonathan Marchessault.
19:07 of 2nd period - Deflect By Nikolay Prokhorkin.
19:07 of 2nd period - Stopped by Niklas Treutle without a rebound.
19:08 of 2nd period - Jared McCann wins face-off versus Zach Stepan in Thunder zone.
19:11 of 2nd period - Snap shot by Jared McCann.
19:11 of 2nd period - Shot Misses the Net.
19:21 of 2nd period - Slapshot by Martin Frk.
19:21 of 2nd period - Stopped by Niklas Treutle with a rebound.
Goals for this period are 3 for Thunder vs 0 for Sewer Rats.
Shots for this period are 14 for Thunder vs 14 for Sewer Rats.
3rd period
0:01 of 3rd period - Jonathan Marchessault wins face-off versus William Karlsson in neutral zone.
0:24 of 3rd period - Stefan Elliott is hit by William Karlsson and loses puck.
0:36 of 3rd period - Backhand shot by Mark Mancari.
0:36 of 3rd period - Shot Misses the Net.
0:38 of 3rd period - Snap shot by Jarred Tinordi.
0:38 of 3rd period - Deflect By Jonathan Marchessault.
0:38 of 3rd period - Stopped by Niklas Treutle without a rebound.
0:39 of 3rd period - Trevor Lewis wins face-off versus Nick Cousins in Thunder zone.
0:49 of 3rd period - Minor Penalty to Nick Cousins for Holding.
0:50 of 3rd period - William Karlsson wins face-off versus Mark Mancari in Sewer Rats zone.
1:00 of 3rd period - Wrist shot by Eric Fehr.
1:00 of 3rd period - Deflect By William Karlsson.
1:00 of 3rd period - Stopped by Marek Mazanek without a rebound.
1:01 of 3rd period - William Karlsson wins face-off versus Mark Mancari in Sewer Rats zone.
1:28 of 3rd period - Tomas Tatar is hit by Austin Wuthrich and loses puck.
2:05 of 3rd period - Snap shot by Erik Condra.
2:05 of 3rd period - Stopped by Niklas Treutle without a rebound.
2:06 of 3rd period - Trevor Lewis wins face-off versus Erik Condra in Thunder zone.
2:11 of 3rd period - Wrist shot by Derek Forbort.
2:11 of 3rd period - Shot Misses the Net.
2:49 of 3rd period - Penalty to Nick Cousins is over, Nick Cousins is back on ice.
3:12 of 3rd period - Zach Stepan is hit by Martin Frk and loses puck.
3:42 of 3rd period - Minor Penalty to Michael Schumacher for Hooking.
3:43 of 3rd period - Eric Fehr wins face-off versus Mark Mancari in Thunder zone.
3:59 of 3rd period - Slapshot by Stefan Elliott.
3:59 of 3rd period - Deflect By Tomas Tatar.
3:59 of 3rd period - Stopped by Niklas Treutle without a rebound.
4:00 of 3rd period - Nick Cousins wins face-off versus Eric Fehr in Thunder zone.
4:45 of 3rd period - Snap shot by William Karlsson.
4:45 of 3rd period - Shot Blocked by Joel Edmundson.
5:09 of 3rd period - Nick Cousins is hit by Artur Gavrus and loses puck.
5:42 of 3rd period - Penalty to Michael Schumacher is over, Michael Schumacher is back on ice.
5:53 of 3rd period - Austin Wuthrich is hit by Joel Edmundson and loses puck.
6:10 of 3rd period - Snap shot by Austin Poganski.
6:10 of 3rd period - Stopped by Marek Mazanek without a rebound.
6:11 of 3rd period - Tyler Motte wins face-off versus Zach Stepan in Sewer Rats zone.
6:11 of 3rd period - Tyler Motte is hit by Austin Poganski.
6:27 of 3rd period - Slapshot by Martin Frk.
6:27 of 3rd period - Stopped by Niklas Treutle without a rebound.
6:28 of 3rd period - Jared McCann wins face-off versus William Karlsson in Thunder zone.
6:31 of 3rd period - Backhand shot by Stefan Elliott.
6:31 of 3rd period - Stopped by Niklas Treutle with a rebound.
6:37 of 3rd period - Snap shot by Eric Fehr.
6:37 of 3rd period - Stopped by Marek Mazanek without a rebound.
6:38 of 3rd period - Nick Cousins wins face-off versus William Karlsson in Sewer Rats zone.
6:38 of 3rd period - Nick Cousins is hit by Olli Maatta.
6:52 of 3rd period - David Wolf is hit by Nick Cousins and loses puck.
7:38 of 3rd period - Minor Penalty to Joel Edmundson for Hooking.
7:39 of 3rd period - Tomas Tatar wins face-off versus William Karlsson in Sewer Rats zone.
7:50 of 3rd period - Snap shot by William Karlsson.
7:50 of 3rd period - Stopped by Marek Mazanek with a rebound.
8:04 of 3rd period - Mark Mancari is hit by Austin Wuthrich and loses puck.
8:13 of 3rd period - Slapshot by Stefan Elliott.
8:13 of 3rd period - Deflect By Mark Mancari.
8:13 of 3rd period - Stopped by Niklas Treutle with a rebound.
8:15 of 3rd period - Snap shot by Tomas Tatar.
8:15 of 3rd period - Shot Misses the Net.
8:27 of 3rd period - Wrist shot by Mark Mancari.
8:27 of 3rd period - Stopped by Niklas Treutle without a rebound.
8:28 of 3rd period - Erik Condra wins face-off versus William Karlsson in Thunder zone.
8:39 of 3rd period - Wrist shot by Jonathan Marchessault.
8:39 of 3rd period - Stopped by Niklas Treutle with a rebound.
9:37 of 3rd period - Slapshot by Stefan Elliott.
9:37 of 3rd period - Stopped by Niklas Treutle with a rebound.
9:38 of 3rd period - Penalty to Joel Edmundson is over, Joel Edmundson is back on ice.
9:39 of 3rd period - Slapshot by Jarred Tinordi.
9:39 of 3rd period - Deflect By Joseph Blandisi.
9:39 of 3rd period - Shot Misses the Net.
9:39 of 3rd period - Puck is out of play.
9:40 of 3rd period - William Karlsson wins face-off versus Nick Cousins in Thunder zone.
9:40 of 3rd period - William Karlsson is hit by Joel Edmundson.
10:18 of 3rd period - Snap shot by Trevor Lewis.
10:18 of 3rd period - Stopped by Marek Mazanek without a rebound.
10:19 of 3rd period - Trevor Lewis wins face-off versus Nick Cousins in Sewer Rats zone.
10:46 of 3rd period - Mark Mancari is hit by Eric Fehr and loses puck.
10:51 of 3rd period - Snap shot by Eric Fehr.
10:51 of 3rd period - Shot Misses the Net.
11:15 of 3rd period - Slapshot by Nikolay Prokhorkin.
11:15 of 3rd period - Stopped by Marek Mazanek with a rebound.
11:33 of 3rd period - Snap shot by Dmitrij Jaskin.
11:33 of 3rd period - Stopped by Niklas Treutle without a rebound.
11:34 of 3rd period - Trevor Lewis wins face-off versus Nick Cousins in Thunder zone.
11:41 of 3rd period - Snap shot by Trevor Lewis.
11:41 of 3rd period - Stopped by Marek Mazanek without a rebound.
11:42 of 3rd period - Nick Cousins wins face-off versus Trevor Lewis in Sewer Rats zone.
11:47 of 3rd period - Snap shot by Nick Cousins.
11:47 of 3rd period - Stopped by Niklas Treutle with a rebound.
12:11 of 3rd period - Off-side.
12:12 of 3rd period - Jonathan Marchessault wins face-off versus William Karlsson in neutral zone.
12:17 of 3rd period - Snap shot by Mark Mancari.
12:17 of 3rd period - Deflect By Jonathan Marchessault.
12:17 of 3rd period - Shot Hit the Post.
12:17 of 3rd period - Puck is out of play.
12:18 of 3rd period - William Karlsson wins face-off versus Jonathan Marchessault in Thunder zone.
12:55 of 3rd period - Minor Penalty to Jamie McGinn for Slashing.
12:56 of 3rd period - Eric Fehr wins face-off versus Jonathan Marchessault in Thunder zone.
13:06 of 3rd period - Wrist shot by William Karlsson.
13:06 of 3rd period - Shot Blocked by Mark Mancari.
13:38 of 3rd period - David Wolf is hit by Joel Edmundson and loses puck.
14:55 of 3rd period - Penalty to Jamie McGinn is over, Jamie McGinn is back on ice.
15:10 of 3rd period - Slapshot by Olli Maatta.
15:10 of 3rd period - Stopped by Marek Mazanek with a rebound.
15:12 of 3rd period - Wrist shot by Zach Stepan.
15:12 of 3rd period - Stopped by Marek Mazanek with a rebound.
15:45 of 3rd period - Minor Penalty to Tomas Tatar for Roughing.
15:46 of 3rd period - Mark Mancari wins face-off versus Trevor Lewis in Sewer Rats zone.
15:46 of 3rd period - Mark Mancari is hit by Peter Andersson.
16:39 of 3rd period - Snap shot by Jamie McGinn.
16:39 of 3rd period - Shot Blocked by Jarred Tinordi.
17:45 of 3rd period - Penalty to Tomas Tatar is over, Tomas Tatar is back on ice.
17:45 of 3rd period - Stefan Elliott is hit by Austin Poganski and loses puck.
17:50 of 3rd period - Wrist shot by Austin Poganski.
17:50 of 3rd period - Goal by Austin Poganski - Thunder : 5 - Sewer Rats : 1.
17:51 of 3rd period - Jonathan Marchessault wins face-off versus Nikolay Prokhorkin in neutral zone.
18:38 of 3rd period - Snap shot by Trevor Lewis.
18:38 of 3rd period - Shot Misses the Net.
18:40 of 3rd period - Slapshot by Derek Forbort.
18:40 of 3rd period - Deflect By Connor Carrick.
18:40 of 3rd period - Stopped by Marek Mazanek without a rebound.
18:41 of 3rd period - Jonathan Marchessault wins face-off versus Trevor Lewis in Sewer Rats zone.
18:41 of 3rd period - Jonathan Marchessault is hit by Jamie McGinn.
18:51 of 3rd period - Wrist shot by Jamie McGinn.
18:51 of 3rd period - Deflect By Trevor Lewis.
18:51 of 3rd period - Stopped by Marek Mazanek with a rebound.
18:53 of 3rd period - Wrist shot by Trevor Lewis.
18:53 of 3rd period - Goal by Trevor Lewis - Thunder : 6 - Sewer Rats : 1.
18:54 of 3rd period - William Karlsson wins face-off versus Jonathan Marchessault in neutral zone.
18:57 of 3rd period - Stefan Elliott is hit by William Karlsson and loses puck.
19:04 of 3rd period - Snap shot by Mark Mancari.
19:04 of 3rd period - Stopped by Niklas Treutle with a rebound.
19:28 of 3rd period - Snap shot by Erik Condra.
19:28 of 3rd period - Stopped by Niklas Treutle with a rebound.
19:30 of 3rd period - Slapshot by Stefan Elliott.
19:30 of 3rd period - Stopped by Niklas Treutle without a rebound.
19:31 of 3rd period - Jared McCann wins face-off versus Zach Stepan in Thunder zone.
19:38 of 3rd period - Snap shot by Zach Stepan.
19:38 of 3rd period - Stopped by Marek Mazanek with a rebound.
19:40 of 3rd period - Slapshot by Peter Andersson.
19:40 of 3rd period - Stopped by Marek Mazanek with a rebound.
19:42 of 3rd period - Wrist shot by Nikolay Prokhorkin.
19:42 of 3rd period - Stopped by Marek Mazanek with a rebound.
19:44 of 3rd period - Slapshot by Peter Andersson.
19:44 of 3rd period - Shot Blocked by Steven Kampfer.
Goals for this period are 2 for Thunder vs 0 for Sewer Rats.
Shots for this period are 16 for Thunder vs 14 for Sewer Rats.
Back to the Top